 Dungeon Crawl Stone Soup version 0.27-a0-531-gb72ec1a1b6 (webtiles) character file.

Game seed: 6452630542601815124

80357 Leibowitz the Severer (level 15, -10/147 HPs)
             Began as a Hill Orc Berserker on Mar 5, 2021.
             Was the Champion of Trog.
             Mangled by a two-headed ogre
             ... wielding a +0 giant spiked club
              (15 damage)
             ... on level 2 of the Orcish Mines.
             The game lasted 01:02:13 (21649 turns).

Leibowitz the Severer (Hill Orc Berserker)         Turns: 21649, Time: 01:02:13

Health: -10/147    AC: 29    Str: 27    XL:     15   Next: 66%
Magic:  15/15      EV: 10    Int:  7    God:    Trog [******]
Gold:   1607       SH:  0    Dex: 10    Spells: 14/14 levels left

rFire    + . .     SeeInvis +   a - +5 battleaxe (flame)
rCold    . . .     Faith    +   (shield currently unavailable)
rNeg     . . .     Spirit   .   l - +1 plate armour {rF+}
rPois    .         Reflect  .   M - +1 helmet {SInv}
rElec    .         Harm     .   T - +1 cloak
rCorr    .         Rampage  .   j - +1 pair of gloves
Will     +++..                  (no boots)
Stlth    ..........             K - amulet of faith
HPRegen  1.34/turn              r - +4 ring of protection
MPRegen  0.14/turn              R - +4 ring of slaying

@: regenerating, studying Stealth
A: no striking features
a: Renounce Religion, Berserk, Trog's Hand, Brothers in Arms


You were on level 2 of the Orcish Mines.
You worshipped Trog.
Trog was exalted by your worship.
You visited 3 branches of the dungeon, and saw 20 of its levels.
You also visited: Sewer and Gauntlet.

You collected 1607 gold pieces.

Inventory:

Hand Weapons
 a - a +5 battleaxe of flaming (weapon)
 b - a +3 antimagic broad axe
 p - the +4 long sword of the Valley of Death {speed, Str+4}
   (You took it off a minotaur in a Gauntlet)

   Attacks with this weapon are significantly faster.
   It affects your strength (+4).
 N - the +11 battleaxe "Nibrak" {vorpal, +Inv rElec Str-3 Int+4}
   (Trog gifted it to you on level 1 of the Lair of Beasts)

   It inflicts extra damage upon your enemies.
   It affects your strength (-3).
   It affects your intelligence (+4).
   It insulates you from electricity.
   It lets you turn invisible.
Missiles
 d - 98 poisoned darts
 n - 2 throwing nets
Armour
 j - a +1 pair of gloves (worn)
 l - a +1 plate armour of fire resistance (worn)
 M - a +1 helmet of see invisible (worn)
 T - a +1 cloak (worn)
Jewellery
 m - a ring of resist corrosion
 r - a +4 ring of protection (left hand)
 t - a +6 ring of intelligence
 u - an amulet of regeneration
 y - a ring of willpower
 K - an amulet of faith (around neck)
 R - a +4 ring of slaying (right hand)
Wands
 s - a wand of iceblast (11)
 A - a wand of mindburst (17)
 C - a wand of flame (51)
 I - a wand of acid (15)
 O - a wand of paralysis (15)
Scrolls
 f - 2 scrolls of fear
 h - 10 scrolls of identify
 i - 7 scrolls of teleportation
 v - a scroll of magic mapping
 x - 2 scrolls of amnesia
 E - 2 scrolls of blinking
 G - 4 scrolls of fog
 H - a scroll of enchant weapon
 J - 2 scrolls of enchant armour
Potions
 c - 3 potions of lignification
 e - 6 potions of heal wounds
 g - 6 potions of ambrosia
 k - 6 potions of brilliance
 o - 3 potions of haste
 q - 7 potions of curing
 w - a potion of invisibility
 z - 2 potions of flight
 B - 5 potions of attraction
 Q - a potion of cancellation


   Skills:
 * Level 17.4 Fighting
 - Level 19.5 Axes
 * Level 14.2 Armour
 * Level 8.3 Dodging
 + Level 0.6 Evocations


You had 14 spell levels left.
You didn't know any spells.
Your spell library was empty.

Dungeon Overview and Level Annotations

Branches:
Dungeon (12/15)            Temple (0/1) D:6            Lair (6/6) D:9
 Shoals (0/4) Lair:3       Spider (0/4) Lair:3        Slime (0/5) Lair:5
    Orc (2/2) D:12            Elf (0/3) Orc:2         Sewer (visited)
Gauntlet (visited)

Altars:
Ashenzari
Cheibriados
Dithmenos
Gozag
Hepliaklqana
Nemelex Xobeh
Trog
Uskayaw
Vehumet
Xom
Yredelemnul
Jiyva

Shops:
D:7 =   D:8 =?=   D:12 :


Message History

The two-headed ogre seems to speed up.
The ogre mage gestures at the ogre mage while chanting.
The ogre mage seems to speed up.
The ogre mage casts a spell at the two-headed ogre.
The two-headed ogre seems to speed up.
An orc warrior comes into view. It is wielding a +0 hand axe.
An orc comes into view. It is wielding a +0 war axe.
The ogre mage gestures at the ogre while chanting.
The ogre seems to speed up.
The two-headed ogre closely misses you. The two-headed ogre barely misses you.
The ogre mage is no longer moving quickly.
The two-headed ogre closely misses you.
The two-headed ogre hits you but does no damage.
The ogre mage gestures at you while chanting.
You resist with almost no effort.
The orc wizard gestures at itself while chanting.
The orc wizard flickers and vanishes for a moment.
The ogre mage casts a spell at you.
The bolt of magma hits you but does no damage.
The two-headed ogre barely misses you. The two-headed ogre closely misses you.
The ogre mage points at something and mumbles some strange words.
The ogre hits you with a +0 giant club.
The two-headed ogre hits you with a +0 giant spiked club!
* * * LOW HITPOINT WARNING * * *
The two-headed ogre hits you but does no damage.
The ogre mage points at itself and mumbles some strange words.
The ogre mage flickers and vanishes for a moment.
The two-headed ogre hits you with a +0 giant spiked club.
* * * LOW HITPOINT WARNING * * *
The two-headed ogre barely misses you.
There is a stone staircase leading up here.
The ogre closely misses you.
The two-headed ogre hits you with a +0 giant spiked club!
* * * LOW HITPOINT WARNING * * *
The two-headed ogre hits you but does no damage.
The ogre mage hits you from afar with a +0 spear!
* * * LOW HITPOINT WARNING * * *
The ogre mage barely misses you. The two-headed ogre barely misses you.
The two-headed ogre hits you with a +0 giant club!
You die...

......................#
.##.................###
##..............#.....##
##...............#......##
#........................##
.#.#......................#
..#...................#...#
.............).........#..##
...#........O@.............###
...##........OO...............#
...#.......oOO................. #
#..##......O..................#
.##..##.....o.O..........###.....
..#..#.#..............#### ###...
OOO..o....O..O..####.#.## ###.
.Oo..#.##........#......# ##.
.O#).#####>..........#.## #..


You could see 4 two-headed ogres, 3 ogre magi, an orc warrior, 2 ogres and an
orc wizard (invisible).

Vanquished Creatures
  An orc warlord (Orc:1)
  Nessos (Lair:4)
  A minotaur (Gauntlet)
  The ghost of dbrn the Severer, a journeyman HOMo of Beogh (Lair:5)
  The ghost of Jugh the Grappler, a journeyman DDFi of Ru (Lair:3)
  Erolcha (D:9)
  8 hydras
  13 two-headed ogres
  9 death yaks
  3 skeletal warriors (D:12)
  4 unseen horrors
  A deep elf pyromancer (D:12)
  3 slime creatures (D:12)
  A manticore (D:10)
  A cyclops (D:11)
  13 elephants
  4 ugly things
  2 centaur zombies
  6 black mambas
  8 cane toads
  A rime drake (Lair:5)
  6 komodo dragons
  An ice devil (Gauntlet)
  3 meliai (D:12)
  A queen bee (D:12)
  7 polar bears (Lair:6)
  6 trolls
  2 hornets (Lair:6)
  11 dream sheep
  14 blink frogs
  A meliai zombie (D:10)
  A redback (Lair:3)
  Sigmund (D:4)
  11 spriggans (Lair:6)
  A vampire (D:12)
  3 wyverns
  A wraith (D:8)
  2 basilisks
  68 yaks
  3 wargs (Orc:1)
  13 water moccasins
  11 orc warriors
  5 black bears
  3 hornet zombies
  5 ice beasts
  2 eyes of draining
  33 wolves
  12 ogres
  5 boggarts (Lair:6)
  8 centaurs
  3 phantoms
  4 kobold brigands
  23 bullfrogs
  4 scorpions
  27 killer bees
  22 wights
  3 howler monkeys
  A quasit (D:6)
  4 hounds
  3 jellies
  11 orc priests
  4 bullfrog skeletons
  4 centaur skeletons
  5 iguanas
  Ijyb (D:3)
  Terence (D:2)
  13 orc wizards
  7 worker ants
  A hound skeleton (D:7)
  Robin (D:2)
  4 gnolls (D:7)
  18 adders
  A howler monkey skeleton (D:10)
  A river rat (D:6)
  2 shadow imps
  4 white imps
  3 ufetubi
  10 oozes
  11 worms
  A dart slug (D:1)
  24 leopard geckos
  65 orcs
  8 bats
  17 giant cockroaches
  18 goblins
  11 hobgoblins
  16 jackals
  3 quokkas
  10 ball pythons (Sewer)
  11 frilled lizards
  17 kobolds
  2 quokka zombies
  12 rats
734 creatures vanquished.

Vanquished Creatures (others)
  28 fungi
  44 plants
  A withered plant (D:3)
73 creatures vanquished.

Grand Total: 807 creatures vanquished

Notes
Turn   | Place    | Note
-------+----------+-------------------------------------------
     0 | D:1      | Leibowitz the Hill Orc Berserker began the quest for the
                  | Orb.
     0 | D:1      | Reached XP level 1. HP: 19/19 MP: 1/1
   494 | D:1      | Reached XP level 2. HP: 27/27 MP: 2/2
  1575 | D:2      | Noticed a phantom
  1595 | D:2      | Killed a phantom
  1596 | D:2      | Reached skill level 5 in Axes
  1596 | D:2      | Reached XP level 3. HP: 20/34 MP: 3/3
  1596 | D:2      | Reached XP level 4. HP: 24/41 MP: 4/4
  1897 | D:2      | Noticed Robin
  1919 | D:2      | Reached XP level 5. HP: 47/47 MP: 3/5
  1939 | D:2      | Noticed Terence
  1967 | D:2      | Killed Terence
  2210 | D:2      | Killed Robin
  2211 | D:2      | Reached skill level 6 in Axes
  2213 | D:2      | Reached ** piety under Trog
  2269 | D:2      | Found a radiant altar of Vehumet.
  2278 | D:2      | Reached skill level 5 in Fighting
  2283 | D:2      | Reached XP level 6. HP: 56/56 MP: 1/6
  2290 | D:2      | Reached skill level 7 in Axes
  2408 | D:2      | Found a hazy altar of Hepliaklqana.
  2408 | D:2      | Found a shimmering altar of Xom.
  2788 | D:2      | Found an opulent altar of Gozag.
  2788 | D:2      | Found a sparkling altar of Nemelex Xobeh.
  3091 | D:3      | Reached XP level 7. HP: 52/61 MP: 5/7
  3235 | D:3      | Noticed Ijyb
  3246 | D:3      | Killed Ijyb
  3322 | D:3      | Reached *** piety under Trog
  3583 | D:3      | Found a basalt altar of Yredelemnul.
  3829 | D:4      | Found a hide-covered altar of Uskayaw.
  3851 | D:4      | Reached skill level 8 in Axes
  4108 | D:4      | Noticed Sigmund
  4115 | D:4      | Killed Sigmund
  4116 | D:4      | Reached skill level 9 in Axes
  4116 | D:4      | Reached XP level 8. HP: 70/70 MP: 6/8
  4400 | D:4      | Reached skill level 10 in Axes
  4523 | D:4      | Found a bloodstained altar of Trog.
  4548 | D:5      | Entered Level 5 of the Dungeon
  4942 | D:5      | Reached **** piety under Trog
  4956 | D:5      | Reached skill level 5 in Armour
  5457 | D:5      | Found a snail-covered altar of Cheibriados.
  5697 | D:6      | Identified the +7 quarterstaff "Ymielaxt" {vamp, Fragile
                  | rN+ Str+4 Dex+4}
  5886 | D:6      | Reached skill level 11 in Axes
  5905 | D:6      | Found a glowing drain.
  5912 | Sewer    | Entered a sewer
  6066 | Sewer    | Reached XP level 9. HP: 78/78 MP: 9/9
  6138 | Sewer    | Reached ***** piety under Trog
  6511 | D:6      | Found a staircase to the Ecumenical Temple.
  7132 | D:7      | Found Newocw's Jewellery Shoppe.
  7266 | D:7      | Reached skill level 12 in Axes
  7266 | D:7      | Received a gift from Trog
  7473 | D:7      | Found a shadowy altar of Dithmenos.
  7729 | D:8      | Noticed a two-headed ogre
  7735 | D:8      | Killed a two-headed ogre
  7775 | D:8      | Reached XP level 10. HP: 89/89 MP: 3/10
  7791 | D:8      | Reached skill level 13 in Axes
  7811 | D:8      | Noticed a two-headed ogre
  7821 | D:8      | Killed a two-headed ogre
  8335 | D:8      | Found Erphaf's Jewellery Emporium.
  8364 | D:8      | Found Donoenn's Jewellery Shoppe.
  8730 | D:8      | Found Neolirea's Magic Scroll Shoppe.
  8828 | D:9      | Noticed Erolcha
  8840 | D:9      | Killed Erolcha
  8841 | D:9      | Reached skill level 14 in Axes
  8924 | D:9      | Reached skill level 5 in Dodging
  8924 | D:9      | Reached XP level 11. HP: 99/99 MP: 1/11
  8926 | D:9      | Reached skill level 15 in Axes
  9192 | D:9      | Noticed a two-headed ogre
  9199 | D:9      | Killed a two-headed ogre
  9200 | D:9      | Reached skill level 10 in Fighting
  9312 | D:9      | Found a staircase to the Lair.
  9391 | D:10     | Entered Level 10 of the Dungeon
  9641 | D:10     | Received a gift from Trog
 10473 | D:10     | Reached skill level 16 in Axes
 10648 | D:10     | Noticed a manticore
 10651 | D:10     | Killed a manticore
 10871 | D:11     | Noticed a red ugly thing
 10879 | D:11     | Killed a red ugly thing
 10895 | D:11     | Noticed a two-headed ogre
 10901 | D:11     | Killed a two-headed ogre
 10902 | D:11     | Noticed a cyan ugly thing
 10913 | D:11     | Killed a cyan ugly thing
 10953 | D:11     | Noticed a cyclops
 10961 | D:11     | Killed a cyclops
 10962 | D:11     | Reached XP level 12. HP: 70/108 MP: 1/12
 11115 | D:11     | Noticed a five-headed hydra
 11122 | D:11     | Killed a one-headed hydra
 11123 | D:11     | Reached skill level 17 in Axes
 11951 | D:12     | Noticed an eight-headed hydra
 11962 | D:12     | Killed a four-headed hydra
 11962 | D:12     | Received a gift from Trog
 11963 | D:12     | Noticed a two-headed ogre
 11970 | D:12     | Killed a two-headed ogre
 12059 | D:12     | Reached skill level 18 in Axes
 12078 | D:12     | Found a gate leading to a gauntlet.
 12123 | D:12     | Found a staircase to the Orcish Mines.
 12136 | D:12     | Reached ****** piety under Trog
 12149 | D:12     | Found Vateb's Book Shop.
 12209 | D:12     | Reached XP level 13. HP: 108/118 MP: 13/13
 12260 | Gauntlet | Entered a Gauntlet
 12260 | Gauntlet | Found a transporter.
 12261 | Gauntlet | Found a runed translucent gate.
 12261 | Gauntlet | Found a runed translucent gate.
 12261 | Gauntlet | Found a runed translucent gate.
 12263 | Gauntlet | Found a transporter.
 12265 | Gauntlet | Found a transporter.
 12266 | Gauntlet | Found a transporter.
 12373 | Gauntlet | Noticed a balrug
 12373 | Gauntlet | Found a transporter.
 12404 | Gauntlet | Identified the +4 long sword of the Valley of Death {speed,
                  | Str+4}
 12404 | Gauntlet | Noticed a minotaur
 12410 | Gauntlet | Killed a minotaur
 12463 | Gauntlet | Found a transporter.
 12612 | D:12     | Reached skill level 10 in Armour
 12756 | D:12     | Reached skill level 19 in Axes
 12877 | D:12     | Found a snail-covered altar of Cheibriados.
 13311 | Lair:1   | Entered Level 1 of the Lair of Beasts
 13545 | Lair:1   | Identified the +11 battleaxe "Nibrak" {vorpal, +Inv rElec
                  | Str-3 Int+4} (Trog gifted it to you on level 1 of the Lair
                  | of Beasts)
 13545 | Lair:1   | Received a gift from Trog
 15243 | Lair:2   | You fall into a shaft and drop 2 floors!
 15588 | Lair:4   | Reached XP level 14. HP: 99/130 MP: 14/14
 15794 | Lair:4   | Noticed Nessos
 15804 | Lair:4   | Killed Nessos
 16577 | Lair:3   | Found a runed translucent door.
 16577 | Lair:3   | Noticed Jugh's ghost (journeyman DDFi)
 16618 | Lair:3   | Killed Jugh's ghost
 16753 | Lair:3   | Found a hole to the Spider Nest.
 16953 | Lair:3   | Received a gift from Trog
 17115 | Lair:3   | Found a staircase to the Shoals.
 17414 | Lair:2   | Found a broken altar of Ashenzari.
 18291 | Lair:5   | Found a staircase to the Slime Pits.
 18293 | Lair:5   | Found a viscous altar of Jiyva.
 18321 | Lair:5   | Reached skill level 15 in Fighting
 18732 | Lair:5   | Identified the +4 shortbow of the Head {flame, rPois rC-
                  | Int+10}
 18970 | Lair:5   | Found a runed translucent door.
 18971 | Lair:5   | Noticed dbrn's ghost (journeyman HOMo)
 18981 | Lair:5   | Killed dbrn's ghost
 18989 | Lair:5   | Identified the +4 whip of Spite {freeze, Str+3}
 19248 | Lair:6   | Entered Level 6 of the Lair of Beasts
 19581 | Lair:6   | Reached XP level 15. HP: 109/143 MP: 15/15
 19691 | Lair:6   | Paralysed by a hornet for 1 turns
 19893 | Lair:6   | Received a gift from Trog
 21328 | Orc:1    | Entered Level 1 of the Orcish Mines
 21346 | Orc:1    | Noticed an orc warlord
 21351 | Orc:1    | Received a gift from Trog
 21363 | Orc:1    | Killed an orc warlord
 21431 | Orc:2    | Entered Level 2 of the Orcish Mines
 21439 | Orc:2    | Found a staircase to the Elven Halls.
 21649 | Orc:2    | HP: 5/147 [ogre mage/+0 spear (8)]
 21649 | Orc:2    | Mangled by a two-headed ogre

Illustrated notes

Levels and vault maps discovered:
D:1:      co_arrival_random_square_maze, layout_basic, minmay_box_of_dots
D:2:      layout_loops_ring, grunt_temple_overflow_opulence, minitemple,
          uniq_terence, uniq_robin
D:3:      kennysheep_goblin_castle, layout_loops_cross,
          yredelemnul_altar_generic, grunt_ministairs_8
D:4:      layout_rooms, grunt_temple_overflow_open,
          eino_small_chamber_without_monster, minmay_quadrilaterals,
          uniq_sigmund
D:5:      layout_loops_ring, basic_altar
D:6:      layout_loops_ring, minmay_temple_entry_hall, lightli_sewer_entry_pipes
D:7:      layout_loops_ring, grunt_dithmenos_shadows, serial_shops, shop
D:8:      layout_cave_pools, serial_shops, shop, nicolae_shop_window_shopping,
          kennysheep_mini, minmay_misc_feat_roman, blue_anna_alchemist
          [blue_anna_fruit_fields, blue_anna_fruit_fields]
D:9:      layout_cross, lair_entry_dummy, uniq_erolcha
D:10:     layout_stronghold, hangedman_abyss_or_decor_passed, minivault_26
D:11:     layout_basic
D:12:     layout_roguey, david_orc_2, gauntlet_entry_generic, basic_altar,
          serial_shops, nicolae_shop_trees, special_room [special_room_bee]
Lair:1:   layout_long_grid, chequers_serial_rivers_micro_d, grunt_megastairs_5
Lair:2:   layout_loops_ring, basic_altar
Lair:3:   layout_chaotic_city, minmay_shoals_entry_centaurs,
          spider_nest_entry_rubble, hellmonk_ghost_happy_afterlife
Lair:4:   layout_layer_cave, uniq_nessos
Lair:5:   layout_regular_city, slime_altar_1, ebering_ghost_reflecting_pool,
          infiniplex_staircase_pool_2, grunt_megastairs_4, lemuel_fruit_fields
Lair:6:   minmay_lair_end_enchanted_forest, layout_hall_layers
Orc:1:    layout_caves, nicolae_volcano_entry_hallway, basic_altar, uniq_maurice
Orc:2:    st_orc_ogre_mass, layout_caves, basic_altar

Skill      XL: |  1  2  3  4  5  6  7  8  9 10 11 12 13 14 15 |
---------------+----------------------------------------------+-----
Fighting       | 4 5 6 8 9 10 12 13 15 17 | 17.4
Axes           | 5 6 7 9 11 12 14 16 18 19 | 19.5
Dodging        | 2 3 4 5 6 7 8 |  8.3
Armour         | 3 4 5 6 7 8 9 11 13 14 | 14.2
Evocations     | |  0.6

Action                   |  1- 3 |  4- 6 |  7- 9 | 10-12 | 13-15 || total
-------------------------+-------+-------+-------+-------+-------++-------
Melee: Hand axe          |    79 |   157 |   176 |       |       ||   412
       War axe           |       |       |   307 |       |       ||   307
       Broad axe         |       |       |    39 |   165 |       ||   204
       Battleaxe         |       |       |       |   293 |   766 ||  1059
Invok: Berserk           |     1 |     3 |     2 |     3 |     3 ||    12
       Trog's Hand       |       |       |       |       |     2 ||     2
Evoke: Wand              |       |       |     4 |       |     1 ||     5
  Use: Scroll            |       |       |       |     7 |    14 ||    21
       Potion            |       |       |       |       |     5 ||     5
Armor: Animal skin       |    18 |       |       |       |       ||    18
       Plate armour      |    12 |   127 |   330 |   342 |   547 ||  1358
Dodge: Dodged            |    39 |    51 |   163 |   181 |   344 ||   778

Table legend: (Time is in decaauts)
 A = Elapsed time spent in this place.
 B = Non-inter-level travel time spent in this place.
 C = Inter-level travel time spent in this place.
 D = Time resting spent in this place.
 E = Time spent auto-exploring this place.
 F = Levels seen in this place.
 G = Mean time per level.
                   A        B        C        D        E       F      G
               +--------+--------+--------+--------+--------+-----+--------+
         Total |  21578 |  20786 |    792 |   1847 |  14382 |  22 |  980.8 |
       Dungeon |  12573 |  12105 |    468 |    891 |   8588 |  12 | 1047.8 |
          Lair |   7807 |   7495 |    312 |    754 |   5529 |   6 | 1301.2 |
  Orcish Mines |    303 |    292 |     11 |      0 |    146 |   2 |  151.5 |
         Sewer |    592 |    592 |      0 |    127 |    119 |   1 |  592.0 |
      Gauntlet |    301 |    301 |      0 |     75 |      0 |   1 |  301.0 |
               +--------+--------+--------+--------+--------+-----+--------+

Top non-repeatable levels by time:
  Lair:6: 1877 daAuts
     D:1: 1548 daAuts
  Lair:4: 1489 daAuts
    D:10: 1437 daAuts
  Lair:1: 1372 daAuts
     D:2: 1369 daAuts
    D:11: 1152 daAuts
  Lair:2: 1104 daAuts
     D:8: 1092 daAuts
  Lair:5: 1077 daAuts
    D:12: 993 daAuts
     D:5: 983 daAuts
     D:7: 965 daAuts
     D:3: 950 daAuts
  Lair:3: 887 daAuts
